 Dungeon Crawl Stone Soup version 0.31.0-11-ge490571c62 (webtiles) character file.

Game seed: 964682603721403536

1960 MollyMolluskus the Ruffian (level 9, -4/62 HPs)
             Began as an Octopode Fighter on Feb 7, 2024.
             Slain by a hornet (13 damage)
             ... on level 7 of the Dungeon.
             The game lasted 00:19:13 (4691 turns).

MollyMolluskus the Ruffian (Octopode Fighter)       Turns: 4691, Time: 00:19:14

Health: -4/62      AC:  1    Str: 18    XL:     9   Next: 19%
Magic:  0/9        EV:  9    Int: 10    God:
Gold:   339        SH:  0    Dex: 19    Spells: 8/8 levels left

rFire   . . .        b - +4 dagger (protect)
rCold   . . .        a - +2 buckler
rNeg    . . .        (helmet restricted)
rPois   .            m - amulet of guardian spirit
rElec   .            f - +6 ring of dexterity
rCorr   .            (no ring)
SInv    .            (no ring)
Will    .....        (no ring)
Stlth   ++++         (no ring)
HPRegen 0.30/turn    (no ring)
MPRegen 0.11/turn    (no ring)
                     (no ring)

%: guardian spirit
@: held, slowed, invisible, very slow
A: almost no armour, amphibious, 8 rings, camouflage 1, gelatinous body 1,
(nimble swimmer 1), tentacles
a: no special abilities


You were on level 7 of the Dungeon.
You visited 2 branches of the dungeon, and saw 8 of its levels.
You also visited: Sewer.

You collected 339 gold pieces.

Inventory:

Hand Weapons
 b - a +4 dagger of protection (weapon)
 d - a +1 dagger of flaming
Missiles
 c - 10 boomerangs (quivered)
 i - 25 poisoned darts
 r - a curare-tipped dart
Armour
 a - a +2 buckler (worn)
Jewellery
 f - a +6 ring of dexterity (left tentacle)
 j - a ring of fire
 m - an amulet of guardian spirit (around mantle)
 s - a ring of fire
Scrolls
 q - 3 scrolls of teleportation
 x - 2 scrolls of poison
Potions
 e - 2 potions of might
 g - a potion of attraction
 k - a potion of ambrosia
 n - a potion of haste {unknown}
 o - 2 potions of brilliance {unknown}
 p - 3 potions of curing
 t - 2 potions of mutation {unknown}
 u - a potion of cancellation {unknown}
 w - a potion of magic {unknown}
 z - a potion of enlightenment {unknown}


   Skills:
 + Level 6.1 Fighting
 - Level 4.0 Short Blades
 + Level 6.0 Dodging
 - Level 6.0 Stealth
 - Level 4.0 Shields
 + Level 6.3 Unarmed Combat


You had 8 spell levels left.
You didn't know any spells.
Your spell library contained the following spells:

 Spells                   Type           Power      Damage    Failure   Level
 Volatile Blastmotes      Fire/Tloc      0%         2d10      82%         3
 Fulminant Prism          Conj/Alch      0%         3d5       99%         4
 Iskenderun's Mystic Bla  Conj/Tloc      0%         2d3       99%         4


Dungeon Overview and Level Annotations

Branches:
Dungeon (7/15)             Temple (1/1) D:4           Sewer (visited)

Altars:
Ashenzari
Dithmenos
Elyvilon
Fedhas
Gozag
Hepliaklqana
Kikubaaqudgha
Makhleb
Nemelex Xobeh
Okawaru
Qazlal
Ru
Sif Muna
Uskayaw
Vehumet
Xom
Yredelemnul
Zin
The Shining One


Innate Abilities, Weirdness & Mutations

You cannot wear most types of armour.
You are amphibious.
You can wear up to eight rings at the same time.
Your skin changes colour to match your surroundings (Stealth+).
Your rubbery body absorbs attacks. (AC +1, EV +1)
((You are camouflaged when in or above water. (Stealth+)))
You have tentacles for arms and can constrict up to eight enemies at once.


Message History

You struggle against the net.
You constrict the hornet. The hornet stings you!
You suddenly lose the ability to move!
You lose your grip on the hornet.
The hornet stings you.
You feel as though you will be slow longer.
The hornet stings you!
You feel as though you will be slow longer.
The hornet stings you but does no damage.
The hornet stings you.
You shrug off the repeated paralysis!
You can move again.
Unknown command.
You struggle against the net.
The hornet stings you.
You feel as though you will be slow longer.
A gnoll comes into view. It is wielding a +0 spear.
The hornet stings you!
* * * LOW HITPOINT WARNING * * *
You shrug off the repeated paralysis!
The gnoll moves out of view.
Unknown command.
You feel much better. The hornet closely misses you. The hornet stings you!
You are poisoned.
You feel as though you will be slow longer.
The gnoll hits you from afar with a +0 halberd!
* * * LOW HITPOINT WARNING * * *
You fade into invisibility!
* * * LOW HITPOINT WARNING * * *
You feel very sick. The hornet closely misses you. The gnoll barely misses you.
The hornet stings you.
* * * LOW HITPOINT WARNING * * *
You feel as though you will be slow longer.
The gnoll closely misses you. The hornet barely misses you.
It was a potion of curing.
You feel better. The hornet barely misses you. The gnoll closely misses you.
The hornet stings you.
* * * LOW HITPOINT WARNING * * *
You are lethally poisoned!
You feel as though you will be slow longer.
You feel better. The hornet closely misses you.
The gnoll hits you from afar with a +0 halberd.
* * * LOW HITPOINT WARNING * * *
The hornet stings you!
You die...

#####..........g....,,,,,,,
######..............,,,,,,,
########............,,,,,,*
#########...........,,,,,,*
##.#######..........,,,**,,
###.#.#.####.......#,,,,,***
*****#.......#####....#***,,,,,**
,*,,*##......).#..g..## **,,,,,,*
,,,,**#.........@....###*,,..,,,,
,,,,*..........y....##.#*,...,,,,
*,,,,..........###.....###...,,,,
*,,,,........#..........#...,,,,,
,,,,,..###.###....#.#......,,,,,*
,,,,,..>..........###...###*.....
*,,,,,.........#.#........###...,
***,,*,..,.....#..)........##..#,
******,,.......##.........#..##


You could see a hornet (unable to see you) and a gnoll (unable to see you).

Vanquished Creatures
  A water moccasin (D:5)
  3 ice beasts
  An orc warrior (D:5)
  2 black bears
  A sky beast (D:6)
  A centaur (D:7)
  2 bullfrogs (D:7)
  4 kobold brigands
  2 scorpions
  A jelly (D:6)
  A bombardier beetle (D:4)
  A hound (D:6)
  2 orc priests (D:5)
  A sleepcap (D:5)
  3 iguanas (D:6)
  Robin (D:2)
  4 gnolls (D:3)
  7 river rats
  11 adders
  2 white imps (D:6)
  2 ufetubi (D:6)
  2 dart slugs
  2 ribbon worms
  15 orcs
  4 bats
  6 endoplasms
  2 giant cockroaches
  12 goblins
  11 hobgoblins
  4 jackals (D:2)
  5 quokkas
  7 ball pythons
  6 frilled lizards
  20 kobolds
  22 rats
171 creatures vanquished.

Notes
Turn   | Place    | Note
-------+----------+-------------------------------------------
     0 | D:1      | MollyMolluskus the Octopode Fighter began the quest for the
                  | Orb.
     0 | D:1      | Reached XP level 1. HP: 16/16 MP: 1/1
   404 | D:1      | Reached XP level 2. HP: 20/21 MP: 2/2
   777 | D:2      | Reached skill level 1 in Stealth
   856 | D:2      | Reached XP level 3. HP: 12/26 MP: 3/3
   924 | D:2      | Noticed Robin
   945 | D:2      | Killed Robin
  1092 | D:2      | Reached XP level 4. HP: 29/31 MP: 4/4
  1306 | D:2      | Found an ancient bone altar of Kikubaaqudgha.
  1571 | D:3      | Reached XP level 5. HP: 36/36 MP: 5/5
  1674 | D:3      | Reached skill level 1 in Short Blades
  2083 | D:4      | Found a burning altar of Makhleb.
  2199 | D:4      | Found a radiant altar of Vehumet.
  2208 | D:4      | Reached XP level 6. HP: 38/43 MP: 6/6
  2354 | D:4      | Found a staircase to the Ecumenical Temple.
  2363 | Temple   | Entered the Ecumenical Temple
  2470 | D:5      | Entered Level 5 of the Dungeon
  2476 | D:5      | Noticed an orc warrior
  2479 | D:5      | Noticed a water moccasin
  2487 | D:5      | Killed an orc warrior
  2489 | D:5      | Killed a water moccasin
  2490 | D:5      | Reached XP level 7. HP: 48/48 MP: 7/7
  3206 | D:6      | Reached XP level 8. HP: 54/54 MP: 8/8
  3256 | D:6      | Reached skill level 5 in Unarmed Combat
  3331 | D:6      | Reached skill level 5 in Fighting
  3331 | D:6      | Reached skill level 5 in Stealth
  3516 | D:6      | Reached skill level 5 in Dodging
  3713 | D:6      | Found a glowing drain.
  3717 | Sewer    | Entered a sewer
  4470 | D:6      | Reached XP level 9. HP: 62/62 MP: 9/9
  4677 | D:7      | Noticed a hornet
  4684 | D:7      | Paralysed by a hornet for 3 turns
  4691 | D:7      | Slain by a hornet

Illustrated notes

Levels and vault maps discovered:
D:1:      psy_arrival_conway, layout_loops_cross
D:2:      layout_rooms, basic_altar, uniq_robin
D:3:      minmay_bubble_buster, layout_rooms, minmay_cupped
D:4:      layout_cave_pools, overflow_temple_1_default,
          mainiacjoe_overflow_boulevard, minmay_temple_entry_poolview
D:5:      layout_loops_ring, minivault_26, due_unseen_surprise
D:6:      layout_rooms, nicolae_overflow_hidden_temple, gup_sewer_entry_spiral,
          kennysheep_generic_room_6
D:7:      layout_cave_pools
Temple:   lightli_temple_of_artemis

Skill      XL: |  1  2  3  4  5  6  7  8  9 |
---------------+----------------------------+-----
Stealth        | 1 2 3 4 6 |  6.0
Unarmed Combat | 3 4 5 6 |  6.3
Short Blades   | 1 2 3 4 |  4.0
Fighting       | 4 5 6 |  6.1
Shields        | 4 |  4.0
Dodging        | 4 5 6 |  6.0

Action                     |  1- 3 |  4- 6 |  7- 9 || total
---------------------------+-------+-------+-------++-------
  Melee: Dagger            |    58 |    90 |   179 ||   327
         Unarmed           |     9 |       |       ||     9
         Constrict         |    18 |    22 |    47 ||    87
         Tentacles         |     9 |    18 |    45 ||    72
         Punch             |     2 |       |    11 ||    13
  Throw: Dart              |       |     2 |       ||     2
         Boomerang         |       |       |     3 ||     3
    Use: Scroll            |     2 |    10 |     5 ||    17
         Potion            |       |     1 |     4 ||     5
   Stab: Sleeping          |     3 |    10 |    15 ||    28
         Distracted        |       |       |     1 ||     1
 Armour: Skin              |    22 |    25 |    75 ||   122
  Dodge: Dodged            |    34 |    41 |    73 ||   148
  Block: Buckler           |     8 |    25 |    50 ||    83
